 Dungeon Crawl Stone Soup version 0.30-b1-2-g02819fbbbe (webtiles) character file.

Game seed: 8270085680480780084

1625 redmage the Geomancer (level 9, -2/62 HPs)
             Began as a Meteoran Earth Elementalist on Aug 30, 2023.
             Was a Follower of Sif Muna.
             Slain by a kobold brigand
             ... wielding a +0 short sword
              (3 damage)
             ... on level 8 of the Dungeon.
             The game lasted 00:21:54 (1435 turns).

redmage the Geomancer (Meteoran Earth Elementalist) Turns: 1435, Time: 00:21:54

Health: -2/62      AC:  5    Str:  9    XL:     9   Next: 40%
Magic:  0/21       EV: 12    Int: 22    God:    Sif Muna [*.....]
Gold:   190        SH:  0    Dex: 15    Spells: 17/23 levels left

rFire   . . .        l - +4 arbalest
rCold   + . .        (shield currently unavailable)
rNeg    . . .        a - +0 robe
rPois   .            (no helmet)
rElec   .            (no cloak)
rCorr   .            e - +1 pair of gloves
SInv    .            v - +0 pair of boots
Will    +....        (no amulet)
Stlth   +            d - ring of protection from cold
HPRegen 0.30/turn    (no ring)
MPRegen 0.17/turn

%: no passive effects
@: glowing
A: sense surroundings 2, otherworldly, glowing, explore regen
a: Renounce Religion, Channel Magic


You were on level 8 of the Dungeon.
You worshipped Sif Muna.
Sif Muna was aware of your devotion.
You visited 2 branches of the dungeon, and saw 9 of its levels.
You also visited: Sewer.

You collected 190 gold pieces.

Inventory:

Hand Weapons
 i - a +1 dagger of venom
 l - a +4 arbalest (weapon)
 o - a +0 dagger of electrocution
Missiles
 j - 5 silver javelins
 k - 6 boomerangs
Armour
 a - a +0 robe (worn)
 e - a +1 pair of gloves (worn)
 v - a +0 pair of boots (worn)
Jewellery
 d - a ring of protection from cold (left hand)
Wands
 m - a wand of mindburst (9)
Scrolls
 c - a scroll of enchant armour
 q - 2 scrolls of blinking
 w - 2 scrolls of immolation
Potions
 b - a potion of magic
 f - a potion of flight
 g - 2 potions of mutation
 h - a potion of attraction
 r - a potion of haste {unknown}
 s - a potion of brilliance {unknown}
 t - a potion of resistance {unknown}
 u - a potion of curing


   Skills:
 * Level 3.5 Ranged Weapons
 - Level 2.4 Dodging
 - Level 1.4 Stealth
 + Level 7.7 Spellcasting
 - Level 6.0 Conjurations
 - Level 1.2 Transmutations
 - Level 8.0 Earth Magic
 + Level 3.8 Invocations


You had 17 spell levels left.
You knew the following spells:

 Your Spells              Type           Power      Damage    Failure   Level
a - Sandblast             Erth           86%        2d18      1%          1
b - Passwall              Tmut/Erth      23%        N/A       1%          2
c - Stone Arrow           Conj/Erth      78%        3d11      1%          3

Your spell library contained the following spells:

 Spells                   Type           Power      Damage    Failure   Level
 Hailstorm                Conj/Ice       21%        3d6       7%          3
 Lesser Beckoning         Tloc           16%        N/A       12%         2
 Petrify                  Tmut/Erth      28%        N/A       12%         4
 Gell's Gravitas          Tloc           8%         N/A       22%         3
 Teleport Other           Tloc           8%         N/A       22%         3
 Ice Form                 Ice/Tmut       11%        N/A       52%         4
 Simulacrum               Ice/Necr       4%         N/A       100%        6


Dungeon Overview and Level Annotations

Branches:
Dungeon (8/15) Zot: 3516   Temple (1/1) D:6 Zot: 516   Sewer (visited)
   Lair: D:8-11

Altars:
Gozag
Kikubaaqudgha
Makhleb
Okawaru
Qazlal
Ru
Sif Muna
Uskayaw
Wu Jian
Xom
The Shining One

Annotations:
D:3 3 runed translucent doors, diceflayer's ghost, amateur DsHu
D:5 2 transporters, diceflayer's ghost, novice DsHu
D:6 1 transporter, anoamas321's ghost, novice GrEE
D:8 Joseph


Innate Abilities, Weirdness & Mutations

You passively map the area around you.
You are easily found by Zot.
You glow in the dark.
You regain HP and MP as you explore.


Message History

Unknown command.
Casting: Stone Arrow (safe; 1% risk of failure)
Confirm with . or Enter, or press ? or * to list all spells.
Aiming: Sandblast (safe; 1% risk of failure)
Press: ? - help, Shift-Dir - straight line, f/p - kobold brigand
Aim: a kobold brigand, wielding a +0 short sword and quivering curare-tipped darts (81% to hit)
The blast of sand misses the kobold brigand.
Unknown command.
Casting: Sandblast (safe; 1% risk of failure)
Confirm with . or Enter, or press ? or * to list all spells.
Aiming: Sandblast (safe; 1% risk of failure)
Press: ? - help, Shift-Dir - straight line, f/p - kobold brigand
Aim: a kobold brigand, wielding a +0 short sword and quivering curare-tipped darts (81% to hit)
The blast of sand hits the kobold brigand.
The kobold brigand is lightly wounded.
The kobold brigand hits you with a +0 short sword.
* * * LOW HITPOINT WARNING * * *
The kobold brigand barely misses you.
Casting: Sandblast (safe; 1% risk of failure)
Confirm with . or Enter, or press ? or * to list all spells.
Aiming: Sandblast (safe; 1% risk of failure)
Press: ? - help, Shift-Dir - straight line, f/p - kobold brigand
Aim: a kobold brigand, wielding a +0 short sword and quivering curare-tipped darts (lightly wounded, 81% to hit)
The blast of sand hits the kobold brigand.
The kobold brigand is moderately wounded.
The kobold brigand hits you with a +0 short sword.
* * * LOW HITPOINT WARNING * * *
Aiming: Mindburst
Press: ? - help, Shift-Dir - straight line, f/p - kobold brigand
Aim: a kobold brigand, wielding a +0 short sword and quivering curare-tipped darts (moderately wounded, chance to affect: 64%)
The kobold brigand's mind is blasted!
The kobold brigand hits you with a +0 short sword!
* * * LOW HITPOINT WARNING * * *
Unknown command.
Aiming: Mindburst
Press: ? - help, Shift-Dir - straight line, f/p - kobold brigand
Aim: a kobold brigand, wielding a +0 short sword and quivering curare-tipped darts (severely wounded, chance to affect: 64%)
The kobold brigand struggles to resist.
The kobold brigand hits you with a +0 short sword.
You die...

# ,,* #.# , * *#. , #.# ##,# #..,
* #.# .#.# * #... #.###.#.#.. ,,*
##....##########.......#..
''...Kh......K†..........,
##....##########.......# , .....
#K......# .... #@......#####+####
....h###########.).....##........
..K.hK.)..##.).........##...@....
....#####'##.###.......##........
. #...).)# #.......##o....... ,
#......# #.......##.oo..... ,
#......# #.......##.h...... ,,
#......############...o.... ,, ,
#........##### #........


You could see a kobold brigand.

Vanquished Creatures
  Grum (D:8)
  A water moccasin (D:5)
  A sky beast (D:7)
  Pargi (Sewer)
  An orc warrior (D:5)
  4 wolves (D:8)
  A kobold brigand (D:6)
  A gnoll sergeant (D:5)
  2 scorpions (D:5)
  2 hounds (D:4)
  2 jellies
  3 orc priests
  3 iguanas (D:5)
  A sleepcap (D:4)
  2 orc wizards
  A gnoll (D:5)
  5 adders
  A shadow imp (D:8)
  A worm (D:3)
  2 dart slugs
  16 orcs
  A bat (Sewer)
  5 endoplasms
  3 giant cockroaches
  2 hobgoblins
  9 quokkas
  2 ball pythons (D:4)
  4 goblins
  15 kobolds
  21 rats (D:3)
114 creatures vanquished.

Notes
Turn   | Place    | Note
-------+----------+-------------------------------------------
     0 | D:1      | redmage the Meteoran Earth Elementalist began the quest for
                  | the Orb.
     0 | D:1      | Reached XP level 1. HP: 14/14 MP: 5/5
    47 | D:2      | Reached skill level 4 in Earth Magic
    47 | D:2      | Reached XP level 2. HP: 16/20 MP: 4/7
   102 | D:2      | Learned a level 2 spell: Passwall
   130 | D:1      | Reached XP level 3. HP: 18/26 MP: 3/8
   134 | D:1      | Learned a level 3 spell: Stone Arrow
   217 | D:3      | Reached skill level 1 in Conjurations
   222 | D:3      | Reached XP level 4. HP: 31/33 MP: 3/10
   263 | D:3      | Found a runed translucent gate.
   263 | D:3      | Found a runed translucent gate.
   263 | D:3      | Found a runed translucent gate.
   267 | D:3      | Noticed diceflayer's ghost (amateur DsHu)
   301 | D:4      | Reached XP level 5. HP: 38/38 MP: 5/12
   339 | D:4      | Reached skill level 5 in Earth Magic
   398 | D:4      | Reached XP level 6. HP: 45/45 MP: 4/13
   464 | D:4      | Found a shimmering altar of Xom.
   519 | D:5      | Entered Level 5 of the Dungeon
   532 | D:5      | Reached skill level 5 in Spellcasting
   564 | D:4      | Reached XP level 7. HP: 47/50 MP: 2/15
   600 | D:5      | Found a glowing drain.
   621 | Sewer    | Entered a sewer
   641 | Sewer    | Noticed Pargi
   644 | Sewer    | Killed Pargi
   645 | Sewer    | Reached skill level 6 in Earth Magic
   836 | D:5      | Reached XP level 8. HP: 46/57 MP: 7/18
   872 | D:5      | Found a burning altar of Makhleb.
   884 | D:5      | Reached skill level 5 in Conjurations
   910 | D:5      | Reached skill level 7 in Earth Magic
   931 | D:5      | Found a stormy altar of Qazlal.
   981 | D:5      | Found a transporter.
   983 | D:5      | Noticed diceflayer's ghost (novice DsHu)
   984 | D:5      | Found a transporter.
  1007 | D:6      | Found a staircase to the Ecumenical Temple.
  1016 | Temple   | Entered the Ecumenical Temple
  1074 | Temple   | Became a worshipper of Sif Muna the Loreminder
  1118 | D:6      | Reached skill level 1 in Invocations
  1151 | D:6      | Found an ornate altar of the Wu Jian Council.
  1190 | D:6      | Found a transporter.
  1199 | D:6      | Noticed anoamas321's ghost (novice GrEE)
  1353 | D:8      | Reached skill level 1 in Ranged Weapons
  1353 | D:8      | Gained mutation: You passively map the area around you.
                  | [Meteoran growth]
  1353 | D:8      | Reached XP level 9. HP: 62/62 MP: 13/20
  1395 | D:8      | Noticed Joseph
  1415 | D:8      | Noticed Grum
  1419 | D:8      | Killed Grum
  1419 | D:8      | HP: 3/62 [wolf[Grum] (4)]
  1420 | D:8      | Reached skill level 8 in Earth Magic
  1426 | D:8      | Reached * piety under Sif Muna
  1434 | D:8      | HP: 1/62 [kobold brigand/+0 short sword (7)]
  1435 | D:8      | Slain by a kobold brigand

Illustrated notes

Levels and vault maps discovered:
D:1:      heliophobic_arrival_battle_scene, layout_rooms, kennysheep_doodads
D:2:      layout_loops_ring, chequers_ecumenical_altar_twisty,
          nicolae_eternal_life
D:3:      layout_rooms, mainiacjoe_overflow_swirl, ebering_ghost_rock_garden,
          minmay_rat_hole, uniq_sigmund
D:4:      layout_loops_ring, brannock_xom_greatest_gift,
          gammafunk_ghost_abyssal_escape, amcnicky_mini_pool_small,
          minmay_pentomino_pile
D:5:      layout_gridville, makhleb_heckhound_becter, grunt_qazlal_sundering,
          gammafunk_ghost_mausoleum, portal_sewer_entry_f
D:6:      layout_cave_pools, nzn_hepliaklqana_mist_gate,
          pdpol_wu_jian_five_deadly_venoms, minmay_temple_entry_offerings,
          gammafunk_ghost_stat_death
D:7:      wad_pebble_path, layout_loops_corners
D:8:      layout_basic, zin_purify, uniq_grum, uniq_joseph
Temple:   grunt_temple_mini_profane

Skill      XL: |  1  2  3  4  5  6  7  8  9 |
---------------+----------------------------+-----
Spellcasting   | 3 4 5 6 7 |  7.7
Earth Magic    | 4 5 6 7 8 |  8.0
Conjurations   | 1 2 3 4 6 |  6.0
Invocations    | 2 3 |  3.8
Ranged Weapons | 1 3 |  3.5
Dodging        | |  2.4
Stealth        | |  1.4
Transmutations | |  1.2

Action                     |  1- 3 |  4- 6 |  7- 9 || total
---------------------------+-------+-------+-------++-------
  Melee: Dagger            |     7 |    22 |     6 ||    35
         Punch             |       |     1 |       ||     1
   Fire: Arbalest          |       |     4 |    15 ||    19
   Cast: Sandblast         |    20 |    39 |    36 ||    95
         Passwall          |     1 |       |     3 ||     4
         Stone Arrow       |       |     7 |    44 ||    51
  Evoke: Wand              |       |       |     3 ||     3
    Use: Scroll            |       |     4 |     9 ||    13
         Potion            |       |       |     2 ||     2
 Armour: Robe              |     6 |     5 |     9 ||    20
  Dodge: Dodged            |     5 |    23 |    25 ||    53
